 Dungeon Crawl Stone Soup version 0.30-a0-840-ga523dec638 (webtiles) character file.

Game seed: 11171381392931509376

7379 NinjaNoafa the Grappler (level 10, 0/107 HPs)
             Began as a Troll Fighter on Mar 1, 2023.
             Was an Elder of Wu Jian.
             Slain by a sixfirhy (12 damage)
             ... summoned by a kobold demonologist
             ... on level 10 of the Dungeon.
             The game lasted 00:19:03 (7462 turns).

NinjaNoafa the Grappler (Troll Fighter)             Turns: 7462, Time: 00:19:03

Health: 0/107      AC:  7    Str: 26    XL:     10   Next: 92%
Magic:  9/9        EV:  8    Int:  8    God:    Wu Jian [****..]
Gold:   304        SH:  9    Dex:  9    Spells: 9/9 levels left

rFire   . . .      SeeInvis .      - Unarmed
rCold   . . .      Faith    +    b - +0 kite shield
rNeg    . . .      Spirit   .    A - +0 steam dragon scales
rPois   .          Reflect  .    (helmet restricted)
rElec   .          Harm     .    (no cloak)
rCorr   +          Rampage  .    (gloves unavailable)
Will    .....                    (boots unavailable)
Stlth   +                        u - amulet of faith
HPRegen 1.17/turn                k - ring of resist corrosion
MPRegen 0.11/turn                (no ring)

@: about to teleport
A: large, unfitting armour, claws 3, regeneration 1, shaggy fur 1, tough skin 1
a: Renounce Religion, Wall Jump, Serpent's Lash


You were on level 10 of the Dungeon.
You worshipped Wu Jian.
Wu Jian was greatly pleased with you.
You visited 3 branches of the dungeon, and saw 12 of its levels.

You collected 431 gold pieces.
You spent 127 gold pieces at shops.

Inventory:

Hand Weapons
 a - a +1 scimitar of flaming
Missiles
 h - 5 javelins
 m - 7 poisoned darts
 s - a silver javelin
 x - a boomerang
 z - 3 large rocks
 B - a curare-tipped dart
Armour
 b - a +0 kite shield (worn)
 A - +0 steam dragon scales (worn)
Jewellery
 g - a ring of fire
 k - a ring of resist corrosion (left claw)
 u - an amulet of faith (around neck)
Wands
 o - a wand of iceblast (7)
 C - a wand of flame (28)
Scrolls
 c - 2 scrolls of fear
 i - 2 scrolls of vulnerability
 j - 3 scrolls of brand weapon
 l - a scroll of blinking
 p - 4 scrolls of magic mapping
 q - a scroll of noise
 t - a scroll of fog {unknown}
 v - 2 scrolls of silence
 w - 4 scrolls of amnesia
 y - 3 scrolls of teleportation
 D - a scroll of torment {unknown}
Potions
 d - 4 potions of curing
 e - 2 potions of mutation
 f - a potion of brilliance
 n - 3 potions of might
 r - a potion of flight
 E - a potion of lignification
 F - 2 potions of ambrosia {unknown}


   Skills:
 - Level 9.0 Fighting
 - Level 5.0 Throwing
 - Level 2.4 Dodging
 + Level 6.3 Shields
 - Level 10.0 Unarmed Combat
 - Level 2.7 Evocations


You had 9 spell levels left.
You didn't know any spells.
Your spell library contained the following spells:

 Spells                   Type           Power      Damage    Failure   Level
 Gell's Gravitas          Tloc           0%         N/A       95%         3
 Teleport Other           Tloc           0%         N/A       95%         3
 Petrify                  Tmut/Erth      0%         N/A       100%        4
 Metabolic Englaciation   Hex/Ice        0%         N/A       100%        5
 Dispersal                Tloc           0%         N/A       100%        6
 Statue Form              Tmut/Erth      0%         N/A       100%        6


Dungeon Overview and Level Annotations

Branches:
Dungeon (10/15)            Temple (1/1) D:7            Lair (1/5) D:8
    Orc: D:9-12

Altars:
Ashenzari
Cheibriados
Dithmenos
Elyvilon
Fedhas
Gozag
Hepliaklqana
Kikubaaqudgha
Makhleb
Nemelex Xobeh
Okawaru
Qazlal
Ru
Sif Muna
Trog
Uskayaw
Vehumet
Wu Jian
Xom
Yredelemnul
Zin
The Shining One

Shops:
D:8 *

Annotations:
D:9 3 runed translucent doors, Foxy's ghost, journeyman KoGl; Iamsock's ghost, novice GnWn; arthad's ghost, journeyman DjSu; tgirl's ghost, novice DsCK


Innate Abilities, Weirdness & Mutations

You are too large for most types of armour.
You have claws for hands.
Your natural rate of healing is unusually fast.
You are covered in fur. (AC +1)
You have tough skin. (AC +1)


Message History

The kobold demonologist is almost dead.
The ufetubus hits you but does no damage.
The ufetubus closely misses you.
The crimson imp blinks!
You block the ufetubus's attack.
The ufetubus hits you but does no damage.
The kobold brigand hits you with a +0 short sword.
The kobold demonologist hits you with a +0 dagger.
The kobold demonologist hits you but does no damage.
You miss the kobold demonologist.
The kobold demonologist is almost dead.
You block the ufetubus's attack.
The ufetubus hits you but does no damage.
The kobold brigand hits you with a +0 short sword.
The kobold demonologist looks braver for a moment.
You block the yak's attack.
The kobold demonologist hits you but does no damage.
You completely miss the kobold demonologist.
The kobold demonologist is almost dead.
The sixfirhy hits you. The sixfirhy shocks you!
* * * LOW HITPOINT WARNING * * *
The sixfirhy hits you.
* * * LOW HITPOINT WARNING * * *
The sixfirhy shocks you!
* * * LOW HITPOINT WARNING * * *
The kobold brigand hits you with a +0 short sword.
* * * LOW HITPOINT WARNING * * *
The kobold demonologist hits you with a +0 dagger.
* * * LOW HITPOINT WARNING * * *
You block the kobold demonologist's attack.
The yak gores you but does no damage.
Okay, then.
As you read the scroll of teleportation, it crumbles to dust.
You feel strangely unstable. The sixfirhy hits you.
* * * LOW HITPOINT WARNING * * *
The sixfirhy shocks you!
* * * LOW HITPOINT WARNING * * *
You block the sixfirhy's attack. The sixfirhy hits you!
* * * LOW HITPOINT WARNING * * *
The sixfirhy shocks you!
You die...

#..Y# # ..###...###
.###
.........K.####....
...#######.#....... #
#.#....... #.#.......
#..## ##YK###
#########K@.# #
#.....5..KY3# .#
#.........5.####..#
######.........).'>...#
.................#.####
........##########.#
........##### #.#
............# #.#
.........##.# #.#


You could see 2 kobold demonologists, 2 yaks, a sixfirhy (summoned), a kobold
brigand, a crimson imp (summoned) and an ufetubus (summoned).

Vanquished Creatures
  Erica (D:9)
  Pikel (D:8)
  Psyche (D:8)
  3 wyverns (D:8)
  Eustachio (D:5)
  A basilisk (D:8)
  5 humans (D:8)
  4 vampire mosquitoes (D:10)
  2 steam dragons
  Grum (D:8)
  4 water moccasins
  2 ice beasts
  3 black bears
  3 orc warriors
  4 centaurs
  4 wolves (D:8)
  An ogre (D:6)
  A phantom (D:6)
  A kobold brigand (D:9)
  7 bullfrogs
  A scorpion (D:4)
  7 wights (D:9)
  4 killer bees (D:9)
  A howler monkey (D:4)
  A lava snake (D:9)
  An orc priest (D:6)
  3 hounds
  A gnoll bouda (D:6)
  8 orc wizards
  4 iguanas
  3 gnolls (D:6)
  7 adders
  A shadow imp (D:5)
  A white imp (D:6)
  An ufetubus (D:5)
  A worm (D:2)
  6 dart slugs
  26 orcs
  5 endoplasms
  2 giant cockroaches (D:2)
  5 hobgoblins
  8 jackals
  4 quokkas
  4 ball pythons
  5 bats
  3 frilled lizards
  5 goblins
  6 kobolds
  7 rats
181 creatures vanquished.

Vanquished Creatures (others)
  2 bushes (D:8)
  2 fungi (D:8)
  19 plants (D:8)
  2 withered plants (D:9)
25 creatures vanquished.

Grand Total: 206 creatures vanquished

Notes
Turn   | Place    | Note
-------+----------+-------------------------------------------
     0 | D:1      | NinjaNoafa the Troll Fighter began the quest for the Orb.
     0 | D:1      | Reached XP level 1. HP: 22/22 MP: 0/0
    77 | D:1      | Found a faded altar of an unknown god.
    85 | D:1      | Reached XP level 2. HP: 28/29 MP: 1/1
   171 | D:1      | Reached skill level 3 in Unarmed Combat
   584 | D:2      | Found a basalt altar of Yredelemnul.
   609 | D:2      | Reached skill level 4 in Unarmed Combat
   609 | D:2      | Reached XP level 3. HP: 36/36 MP: 2/2
   846 | D:2      | Reached XP level 4. HP: 44/44 MP: 3/3
  1291 | D:3      | Reached skill level 5 in Unarmed Combat
  1349 | D:3      | Reached XP level 5. HP: 42/50 MP: 4/4
  1717 | D:3      | Found an ornate altar of the Wu Jian Council.
  1717 | D:3      | Found a shimmering blue altar of Sif Muna.
  1827 | D:3      | Became a worshipper of the Wu Jian Council
  2853 | D:5      | Entered Level 5 of the Dungeon
  2853 | D:5      | Found a shimmering altar of Xom.
  2867 | D:4      | Reached skill level 6 in Unarmed Combat
  2867 | D:4      | Reached XP level 6. HP: 39/59 MP: 5/5
  3251 | D:5      | Noticed Eustachio
  3261 | D:5      | Killed Eustachio
  3262 | D:5      | Reached skill level 7 in Unarmed Combat
  3262 | D:5      | Reached XP level 7. HP: 63/68 MP: 6/6
  3371 | D:6      | Reached * piety under Wu Jian
  4246 | D:7      | Reached skill level 5 in Fighting
  4246 | D:7      | Reached skill level 8 in Unarmed Combat
  4246 | D:7      | Reached XP level 8. HP: 51/80 MP: 7/7
  4282 | D:7      | Found a staircase to the Ecumenical Temple.
  4295 | Temple   | Entered the Ecumenical Temple
  4295 | Temple   | Found a transporter.
  4295 | Temple   | Found a transporter.
  4297 | Temple   | Found a transporter.
  4297 | Temple   | Found a transporter.
  4651 | D:7      | Found a glowing golden altar of the Shining One.
  4656 | D:7      | Found a basalt altar of Yredelemnul.
  4886 | D:7      | Noticed a profane servitor
  4964 | D:7      | Identified the +9 sling of Context {speed, Contam rPois
                  | rCorr MP+9}
  5208 | D:7      | Noticed an angel
  5285 | D:8      | Noticed Psyche
  5302 | D:8      | Reached skill level 9 in Unarmed Combat
  5372 | D:8      | Found Guimo's Assorted Antiques.
  5378 | D:8      | Bought a scroll labelled COEREBIAPT for 26 gold pieces
  5378 | D:8      | Bought a green potion for 23 gold pieces
  5378 | D:8      | Bought a potion of curing for 78 gold pieces
  5384 | D:8      | Killed Psyche
  5385 | D:8      | Reached XP level 9. HP: 92/92 MP: 8/8
  5432 | D:8      | Noticed Grum
  5475 | D:8      | Noticed Pikel
  5505 | D:8      | Reached ** piety under Wu Jian
  5509 | D:8      | Killed Grum
  5515 | D:8      | Reached skill level 10 in Unarmed Combat
  5516 | D:8      | Killed Pikel
  5615 | D:8      | HP: 3/97 [wolf (5)]
  5801 | D:8      | Reached skill level 1 in Throwing
  5923 | D:8      | Reached XP level 10. HP: 58/107 MP: 9/9
  6042 | D:8      | Found a staircase to the Lair.
  6049 | D:8      | Reached skill level 1 in Evocations
  6289 | Lair:1   | Entered Level 1 of the Lair of Beasts
  6289 | Lair:1   | Noticed an elephant
  6289 | Lair:1   | Noticed an elephant
  6289 | Lair:1   | Noticed an elephant
  6289 | Lair:1   | Noticed an elephant
  6290 | Lair:1   | Noticed an elephant
  6341 | D:9      | Reached *** piety under Wu Jian
  6456 | D:9      | Reached skill level 5 in Throwing
  6967 | D:9      | Found a runed translucent gate.
  6967 | D:9      | Noticed Foxy's ghost (journeyman KoGl)
  6968 | D:9      | Found a runed translucent gate.
  6970 | D:9      | Found a runed translucent gate.
  6970 | D:9      | Noticed arthad's ghost (journeyman DjSu)
  6970 | D:9      | Noticed tgirl's ghost (novice DsCK)
  6970 | D:9      | Noticed Iamsock's ghost (novice GnWn)
  7031 | D:9      | Noticed Erica
  7043 | D:9      | Killed Erica
  7044 | D:9      | Reached skill level 5 in Shields
  7312 | D:10     | Entered Level 10 of the Dungeon
  7403 | D:10     | Reached **** piety under Wu Jian
  7445 | D:10     | Noticed a smoke demon
  7459 | D:10     | Noticed a sixfirhy
  7462 | D:10     | Slain by a sixfirhy

Illustrated notes

Levels and vault maps discovered:
D:1:      lemuel_arrival_broad_hall, layout_rooms,
          hellmonk_ecumenical_altar_crossroads, nrook_campfire
D:2:      layout_basic, basic_altar
D:3:      layout_basic, nicolae_overflow_two_pavilions, serial_bayou_crossing
D:4:      layout_basic, nicolae_concentric_dashed_squares_mild
D:5:      layout_gridville, xom_teletrap_fun, minmay_misc_feat_chi,
          hangedman_decor_riveting, uniq_eustachio
D:6:      layout_gridville
D:7:      layout_basic, grunt_temple_overflow_holy_war,
          minmay_temple_entry_glass, nrook_loot_triangle
D:8:      layout_loops_cross, minmay_lair_entry_grove, serial_shops,
          nicolae_stop_n_shop_2, minmay_ruffians, uniq_pikel, uniq_psyche,
          uniq_grum
D:9:      cheibrodos_helix_gallery, layout_basic, gammafunk_ghost_cemetery,
          kennysheep_flooded_box, uniq_erica
D:10:     layout_basic
Temple:   hellmonk_temple_divided_pantheon
Lair:1:   minmay_lair_oklob_chamber, layout_gridlike, uniq_nergalle

Skill      XL: |  1  2  3  4  5  6  7  8  9 10 |
---------------+-------------------------------+-----
Unarmed Combat | 4 5 6 7 8 9 10 | 10.0
Fighting       | 3 5 6 9 |  9.0
Throwing       | 2 5 |  5.0
Evocations     | 2 |  2.7
Shields        | 6 |  6.3
Dodging        | |  2.4

Action                     |  1- 3 |  4- 6 |  7- 9 | 10-12 || total
---------------------------+-------+-------+-------+-------++-------
  Melee: Unarmed           |    61 |   144 |   192 |   169 ||   566
  Throw: Javelin           |       |       |     4 |     5 ||     9
         Large rock        |       |       |    10 |       ||    10
         Dart              |       |       |     1 |       ||     1
Ability: Lunge             |       |     9 |    20 |    19 ||    48
         Whirlwind         |       |       |    21 |    28 ||    49
         Wall Jump         |       |       |       |     9 ||     9
    Use: Scroll            |       |       |     9 |     4 ||    13
         Potion            |       |       |    12 |       ||    12
   Stab: Sleeping          |       |       |     1 |       ||     1
 Armour: Robe              |    13 |    59 |    48 |    32 ||   152
         Skin              |       |       |     8 |       ||     8
         Steam dragon scal |       |       |       |    29 ||    29
  Dodge: Dodged            |    17 |    50 |    65 |    48 ||   180
  Block: Kite shield       |    22 |    53 |    93 |    65 ||   233

Table legend: (Time is in decaauts)
 A = Elapsed time spent in this place.
 B = Non-inter-level travel time spent in this place.
 C = Inter-level travel time spent in this place.
 D = Time resting spent in this place.
 E = Time spent auto-exploring this place.
 F = Levels seen in this place.
 G = Mean time per level.
                   A        B        C        D        E       F      G
               +--------+--------+--------+--------+--------+-----+--------+
         Total |   7532 |   6801 |    731 |     14 |   4506 |  12 |  627.7 |
       Dungeon |   7495 |   6775 |    720 |     14 |   4506 |  10 |  749.5 |
        Temple |     35 |     25 |     10 |      0 |      0 |   1 |   35.0 |
          Lair |      1 |      1 |      0 |      0 |      0 |   1 |    1.0 |
               +--------+--------+--------+--------+--------+-----+--------+

Top non-repeatable levels by time:
     D:7: 1241 daAuts
     D:9: 1029 daAuts
     D:8: 999 daAuts
     D:3: 919 daAuts
     D:4: 782 daAuts
     D:6: 762 daAuts
     D:2: 721 daAuts
     D:1: 493 daAuts
     D:5: 391 daAuts
    D:10: 153 daAuts
  Temple: 35 daAuts
  Lair:1: 1 daAuts
